 Dungeon Crawl Stone Soup version 0.27-a0-906-g0a00ce863d (webtiles) character file.

Game seed: 16882214403679752888

144 Alarkh the Insei (level 5, -1/41 HPs)
             Began as a Demonspawn Gladiator on Apr 7, 2021.
             Slain by an ogre
             ... wielding a +0 giant spiked club
              (8 damage)
             ... on level 4 of the Dungeon.
             The game lasted 00:04:19 (3613 turns).

Alarkh the Insei (Demonspawn Gladiator)             Turns: 3613, Time: 00:04:20

Health: -1/41      AC:  7    Str: 14    XL:     5   Next: 5%
Magic:  5/5        EV: 12    Int: 11    God:
Gold:   124        SH:  0    Dex: 14    Spells: 4/4 levels left

rFire    . . .     SeeInvis .     - Unarmed
rCold    . . .     Faith    .   (no shield)
rNeg     . . .     Spirit   .   a - +0 leather armour
rPois    .         Reflect  .   b - +0 helmet
rElec    .         Harm     .   (no cloak)
rCorr    .         Rampage  .   (no gloves)
Will     .....                  (no boots)
Stlth    +.........             (no amulet)
HPRegen  0.13/turn              (no ring)
MPRegen  0.09/turn              (no ring)

@: no status effects
A: molten scales 2, powered by death 1
a: no special abilities


You were on level 4 of the Dungeon.
You visited 1 branch of the dungeon, and saw 4 of its levels.

You collected 124 gold pieces.

Inventory:

Missiles
 c - 2 throwing nets (quivered)
 f - 19 poisoned darts
 q - 6 atropa-tipped darts
Armour
 a - a +0 leather armour (worn)
 b - a +0 helmet (worn)
Jewellery
 k - a ring of flight
 p - a ring of magical power
Wands
 m - a wand of random effects (20)
 n - a wand of mindburst (15)
 s - a wand of polymorph (8)
Scrolls
 d - a scroll of acquirement {unknown}
 g - 5 scrolls of teleportation {unknown}
 i - a scroll of amnesia {unknown}
 o - a scroll of blinking {unknown}
 t - 2 scrolls of noise {unknown}
 u - a scroll of enchant armour {unknown}
Potions
 h - a potion of curing {unknown}
 j - a potion of haste {unknown}
 l - a potion of flight {unknown}
 r - a potion of resistance {unknown}


   Skills:
 + Level 3.3 Fighting
 - Level 1.7 Throwing
 - Level 2.6 Dodging
 * Level 4.6 Unarmed Combat


You had 4 spell levels left.
You didn't know any spells.
Your spell library contained the following spells:

 Spells                   Type           Power      Damage    Failure   Level
 Magic Dart               Conj           0%         1d3       41%         1
 Blink                    Tloc           N/A        N/A       56%         2
 Call Imp                 Summ           0%         N/A       56%         2
 Slow                     Hex            0%         N/A       56%         2
 Confusing Touch          Hex            0%         N/A       80%         3
 Conjure Flame            Conj/Fire      0%         6-21      80%         3
 Gell's Gravitas          Tloc           0%         N/A       80%         3
 Mephitic Cloud           Conj/Pois/Air  0%         N/A       80%         3
 Petrify                  Tmut/Erth      0%         N/A       99%         4
 Metabolic Englaciation   Hex/Ice        0%         N/A       100%        5
 Yara's Violent Unravell  Hex/Tmut       0%         3d3       100%        5


Dungeon Overview and Level Annotations

Branches:
Dungeon (4/15)
 Temple: D:4-7

Altars:
Hepliaklqana
Kikubaaqudgha
Ru
Zin

Shops:
D:1 =*

Annotations:
D:2 exclusion: kobold


Innate Abilities, Weirdness & Mutations

You are mostly covered in molten scales. (AC +3)
You regenerate a little health from kills.


Message History

The ogre completely misses you.
You hit the ogre but do no damage.
The ogre is moderately wounded.
The ogre hits you with a +0 giant spiked club!!
Ouch! That really hurt!
You are too injured to fight recklessly!
You are too injured to fight recklessly!
You see here a poisoned dart.
You see here 2 poisoned darts.
Really walk into that dispersal trap?
You enter a dispersal trap!
The ogre blinks!
You blink.
The ogre enters a dispersal trap!
You blink.
The ogre blinks!
Throw: 19 darts (poison)
Press: ? - help, Shift-Dir - straight line, f/p - ogre
Aim: an ogre, wielding a +0 giant spiked club (heavily wounded, very poisoned, 74% to hit)
Okay, then.
Throw: 7 darts (atropa)
Press: ? - help, Shift-Dir - straight line, f/p - ogre
Aim: an ogre, wielding a +0 giant spiked club (heavily wounded, very poisoned, 74% to hit, chance to blind on hit: 41%)
You throw an atropa-tipped dart. The atropa-tipped dart hits the ogre.
The ogre resists.
The ogre is heavily wounded.
You barely miss the ogre. You punch the ogre, but do no damage.
The ogre is heavily wounded.
The ogre closely misses you.
You hit the ogre.
The ogre is severely wounded.
The ogre hits you with a +0 giant spiked club!
* * * LOW HITPOINT WARNING * * *
You feel much better.
You hit the ogre.
The ogre is almost dead.
The ogre hits you with a +0 giant spiked club!!
Ouch! That really hurt!
* * * LOW HITPOINT WARNING * * *
Okay, then.
You hit the ogre.
The ogre is almost dead.
The ogre hits you with a +0 giant spiked club!
You die...

#.##.####.###.# #.......##.#
........#.# #.## ##.#.....##.#
......†...####.###........##.#
#.....†......................#
#.####†.###########........######
#.# #..# ###......†..... #.# #..#
#......##.### #)# #..#
########.#####.# # #.# #.(#
#@..####.# #.# # #[# #..#
#O#...... #.# # #.# #..#
#(.)####.. #.# # #.## #..#
#......... #.# #
...###..########..######. #.# #
............§((^..# #
...###.####.#####.# #.## #.# #)#
#.# ##.###.# #.# #.#


You could see an ogre (poisoned).

Vanquished Creatures
  An orc priest (D:4)
  A hound skeleton (D:3)
  A dart slug (D:1)
  4 orcs
  5 endoplasms
  5 giant cockroaches
  7 hobgoblins
  21 jackals
  7 quokkas
  8 ball pythons
  5 bats
  2 frilled lizards
  9 kobolds
  5 rats
81 creatures vanquished.

Notes
Turn   | Place    | Note
-------+----------+-------------------------------------------
     0 | D:1      | Alarkh the Demonspawn Gladiator began the quest for the
                  | Orb.
     0 | D:1      | Reached XP level 1. HP: 16/16 MP: 1/1
   235 | D:1      | Reached skill level 3 in Unarmed Combat
   379 | D:1      | Gained mutation: You regenerate a little health from kills.
                  | [demonic ancestry]
   379 | D:1      | Reached XP level 2. HP: 10/22 MP: 2/2
   493 | D:1      | Found Yluexz Yxzowk's Assorted Antiques.
   984 | D:1      | Found Xydi's Jewellery Boutique.
  1307 | D:2      | Gained mutation: You are partially covered in molten
                  | scales. (AC +2) [demonic ancestry]
  1307 | D:2      | Reached XP level 3. HP: 27/28 MP: 3/3
  1711 | D:2      | Found an ancient bone altar of Kikubaaqudgha.
  2074 | D:3      | Reached skill level 4 in Unarmed Combat
  2090 | D:3      | Gained mutation: You are mostly covered in molten scales.
                  | (AC +3) [demonic ancestry]
  2090 | D:3      | Reached XP level 4. HP: 29/34 MP: 4/4
  2102 | D:3      | Found a hazy altar of Hepliaklqana.
  2105 | D:3      | Found a sacrificial altar of Ru.
  3252 | D:4      | Reached XP level 5. HP: 9/41 MP: 5/5
  3257 | D:3      | HP: 2/41 [poisoned by an orc priest]
  3594 | D:4      | Noticed an ogre
  3610 | D:4      | HP: 1/41 [ogre/+0 giant spiked club (16)]
  3613 | D:4      | Slain by an ogre

Illustrated notes

Levels and vault maps discovered:
D:1:      dpeg_arrival_prison, layout_basic, serial_shops, shop_statue, shop
D:2:      layout_basic, basic_altar
D:3:      layout_loops_cross, grunt_temple_overflow_open
D:4:      layout_loops_ring, hangedman_decor_opposing

Skill      XL: |  1  2  3  4 |
---------------+-------------+-----
Unarmed Combat | 3 4 |  4.6
Fighting       | 3 |  3.3
Throwing       | |  1.7
Dodging        | |  2.6

Action                   |  1- 3 |  4- 6 || total
-------------------------+-------+-------++-------
Melee: Unarmed           |   209 |   155 ||   364
       Punch             |     2 |     7 ||     9
Throw: Throwing net      |       |     3 ||     3
       Dart              |       |     5 ||     5
  Use: Potion            |       |     3 ||     3
 Stab: Sleeping          |     1 |     3 ||     4
       Distracted        |     1 |       ||     1
Armor: Leather armour    |    97 |    69 ||   166
Dodge: Dodged            |   172 |    98 ||   270

Table legend: (Time is in decaauts)
 A = Elapsed time spent in this place.
 B = Non-inter-level travel time spent in this place.
 C = Inter-level travel time spent in this place.
 D = Time resting spent in this place.
 E = Time spent auto-exploring this place.
 F = Levels seen in this place.
 G = Mean time per level.
                   A        B        C        D        E       F      G
               +--------+--------+--------+--------+--------+-----+--------+
         Total |   3589 |   3461 |    128 |    627 |   2208 |   4 |  897.2 |
       Dungeon |   3589 |   3461 |    128 |    627 |   2208 |   4 |  897.2 |
               +--------+--------+--------+--------+--------+-----+--------+

Top non-repeatable levels by time:
     D:1: 1268 daAuts
     D:3: 1124 daAuts
     D:2: 750 daAuts
     D:4: 445 daAuts
